 Dungeon Crawl Stone Soup version 0.20.1-1-g8b1a95d (webtiles) character file.

2337 Goboxel the Cleaver (level 9, 0/118 HPs)
             Began as a Hill Orc Fighter on July 9, 2017.
             Was a Follower of the Shining One.
             Succumbed to a killer bee's poison
             ... on level 7 of the Dungeon.
             The game lasted 00:10:06 (6296 turns).

Goboxel the Cleaver (Hill Orc Fighter)              Turns: 6296, Time: 00:10:07

Health: 0/118      AC: 10    Str: 27    XL:     9   Next: 42%
Magic:  22/22      EV:  8    Int:  8    God:    the Shining One [*.....]
Gold:   294        SH: 11    Dex: 12    Spells: 8/8 levels left

rFire    . . .     SeeInvis .   a - +1 war axe
rCold    . . .     Gourm    .   c - +0 shield
rNeg     + . .     Faith    .   b - +0 scale mail
rPois    .         Spirit   .   (no helmet)
rElec    .         Reflect  .   i - +0 cloak
rCorr    .         Harm     .   q - +0 pair of gloves
MR       .....     Clarity  +   (no boots)
Stlth    ..........             (no amulet)
Regen    0.3/turn               l - ring of magical power
MPRegen  0.2/turn               x - ring of positive energy

@: berserking (expiring), lethally poisoned (0 -> -7), glowing, very quick
A: claws 1, agile 1, clarity
a: Renounce Religion


You were on level 7 of the Dungeon.
You worshipped the Shining One.
The Shining One was aware of your devotion.
You were not hungry.

You visited 2 branches of the dungeon, and saw 8 of its levels.

You collected 294 gold pieces.

Inventory:

Hand Weapons
 a - a +1 war axe (weapon)
Armour
 b - a +0 scale mail (worn)
 c - a +0 shield (worn)
 i - a +0 cloak (worn)
 q - a +0 pair of gloves (worn)
Jewellery
 l - a ring of magical power (left hand)
 x - a ring of positive energy (right hand)
Wands
 n - a wand of confusion (29/48)
 s - a wand of flame (24/48)
 t - a wand of lightning (10/15)
 u - a wand of confusion (9/48)
 C - a wand of polymorph (6/24)
 D - a wand of digging (7/24)
Scrolls
 e - 2 scrolls of teleportation
 h - 2 scrolls of magic mapping
 m - 2 scrolls of enchant weapon
 w - a scroll of recharging {unknown}
 y - a scroll of fear {unknown}
 B - a scroll of brand weapon {unknown}
Potions
 d - 3 potions of might
 g - a potion of flight
 j - a potion of lignification
 p - a potion of cancellation
 r - a potion of ambrosia {unknown}
 v - a potion of agility {unknown}
 z - a potion of mutation
 A - a potion of degeneration {unknown}
Comestibles
 f - 5 bread rations
 k - 3 meat rations
 E - 3 chunks of flesh


   Skills:
 + Level 7.4 Fighting
 + Level 8.8 Axes
 + Level 6.8 Armour
 + Level 6.9 Shields
 + Level 5.9 Invocations


You had 8 spell levels left.
You didn't know any spells.

Dungeon Overview and Level Annotations

Branches:
Dungeon (7/15)             Temple (1/1) D:4

Altars:
Cheibriados
Fedhas
Gozag
Kikubaaqudgha
Nemelex Xobeh
Ru
Trog
Uskayaw
Xom
The Shining One


Innate Abilities, Weirdness & Mutations

You have sharp fingernails.
You are agile. (Dex +2)
You possess an exceptional clarity of mind.


Message History

You feel sick. The killer bee closely misses you.
The killer bee completely misses you. The killer bee barely misses you.
Unknown command.
You slice the killer bee!!
You kill the killer bee!
You slash the killer bee!
You kill the killer bee!
* * * LOW HITPOINT WARNING * * *
You feel sick.
Unknown command.
You slash the hound!
The hound is almost dead.
You miss the killer bee.
The killer bee stings you but does no damage.
The hound closely misses you.
Unknown command.
You closely miss the hound.
The hound is severely wounded.
You slash the killer bee!
You die...

.........#
.........+ ......
...y...(.# ....#
.....y...# ....#
.........# #...#
.........# #...#
5..$..y..######...#
#.......#y..# +....
#......yh@..# #....
#.......#####.
#....
#..............
#....
#..............
#....
#..............
#....
#..............
#....
#......[.......
#....
#........>.....
#.y..
................
####'


You could see a hound and 2 killer bees.

Vanquished Creatures
  Pikel (D:6)
  Eustachio (D:5)
  A sky beast (D:4)
  An ice beast (D:7)
  A slave (D:6)
  An ogre (D:4)
  Blork the orc (D:6)
  2 bullfrogs
  5 scorpions
  7 killer bees (D:7)
  A crimson imp (D:7)
  2 howler monkeys (D:6)
  A jelly (D:6)
  2 centaur zombies
  Crazy Yiuf (D:3)
  3 orc priests
  4 orc wizards
  A worker ant (D:7)
  9 adders
  7 gnolls
  An adder zombie (D:5)
  An adder skeleton (D:6)
  5 worms
  3 dart slugs
  A leopard gecko (D:2)
  35 orcs
  3 ball pythons
  4 bats
  A bat zombie (D:5)
  6 giant cockroaches
  11 goblins
  8 hobgoblins
  6 jackals
  6 kobolds
  7 quokkas
  8 frilled lizards
  A jackal zombie (D:6)
  A leopard gecko skeleton (D:7)
  8 rats
  2 rat zombies (D:5)
170 creatures vanquished.

Vanquished Creatures (others)
  A slave (D:6)
  A worker ant (D:6)
  An orc (D:6)
3 creatures vanquished.

Grand Total: 173 creatures vanquished

Notes
Turn   | Place    | Note
-------+----------+-------------------------------------------
     0 | D:1      | Goboxel the Hill Orc Fighter began the quest for the Orb.
     0 | D:1      | Reached XP level 1. HP: 19/19 MP: 1/1
   100 | D:1      | Reached skill level 3 in Axes
   205 | D:1      | Reached XP level 2. HP: 27/27 MP: 2/2
   957 | D:2      | Reached XP level 3. HP: 31/33 MP: 3/3
  1017 | D:2      | Reached skill level 4 in Axes
  1022 | D:2      | Reached XP level 4. HP: 27/40 MP: 4/4
  1371 | D:2      | Found a sacrificial altar of Ru.
  1390 | D:2      | Reached XP level 5. HP: 37/46 MP: 5/5
  1515 | D:2      | Reached skill level 5 in Axes
  1907 | D:3      | Found a runed door.
  1907 | D:3      | Noticed Crazy Yiuf
  1912 | D:3      | Killed Crazy Yiuf
  2238 | D:3      | Found an opulent altar of Gozag.
  2238 | D:3      | Found a bloodstained altar of Trog.
  2250 | D:3      | Reached XP level 6. HP: 53/53 MP: 6/6
  2417 | D:3      | Reached skill level 6 in Axes
  2504 | D:3      | HP: 2/53 [poisoned by an orc wizard]
  2867 | D:4      | Found a staircase to the Ecumenical Temple.
  2896 | Temple   | Entered the Ecumenical Temple
  3015 | Temple   | Became a worshipper of the Shining One
  3134 | D:4      | HP: 2/55 [ogre/giant club (25)]
  3135 | D:4      | Reached skill level 5 in Fighting
  3135 | D:4      | Reached skill level 1 in Invocations
  3135 | D:4      | Reached XP level 7. HP: 3/61 MP: 7/7
  3473 | D:4      | Reached skill level 5 in Shields
  4024 | D:5      | Entered Level 5 of the Dungeon
  4373 | D:5      | Noticed Eustachio
  4406 | D:5      | Killed Eustachio
  4406 | D:5      | Reached skill level 7 in Axes
  4406 | D:5      | Reached skill level 5 in Armour
  4406 | D:5      | Reached XP level 8. HP: 64/70 MP: 10/10
  4537 | D:5      | Found an ancient bone altar of Kikubaaqudgha.
  4677 | D:5      | Found a snail-covered altar of Cheibriados.
  4893 | D:6      | Noticed Blork the orc
  4903 | D:6      | Killed Blork the orc
  4967 | D:6      | Reached * piety under the Shining One
  5277 | D:6      | Noticed Pikel
  5305 | D:6      | Killed Pikel
  5305 | D:6      | Reached skill level 8 in Axes
  5597 | D:6      | Reached XP level 9. HP: 77/78 MP: 12/12
  5607 | D:6      | Reached skill level 5 in Invocations
  6283 | D:7      | Gained mutation: You are agile. (Dex +2) [potion of mutation]
  6283 | D:7      | Gained mutation: You have sharp fingernails. [potion of mutation]
  6283 | D:7      | Gained mutation: You possess an exceptional clarity of mind. [potion of mutation]
  6290 | D:7      | HP: 5/118 [killer bee (1)]
  6292 | D:7      | HP: 2/118 [poisoned by a killer bee]
  6296 | D:7      | Succumbed to a killer bee's poison

Skill      XL: |  1  2  3  4  5  6  7  8  9 |
---------------+----------------------------+-----
Axes           | 3 4 5 6 7 8 |  8.8
Fighting       | 4 5 6 7 |  7.4
Shields        | 4 5 6 |  6.9
Armour         | 4 5 6 |  6.8
Invocations    | 1 3 4 5 |  5.9

Action                   |  1- 3 |  4- 6 |  7- 9 || total
-------------------------+-------+-------+-------++-------
Melee: War axe           |    57 |   219 |   281 ||   557
Evoke: Wand              |       |       |     1 ||     1
  Use: Scroll            |       |     8 |     2 ||    10
       Potion            |       |     3 |     4 ||     7
 Stab: Paralysed         |       |     3 |       ||     3
  Eat: Chunk             |       |     8 |    10 ||    18
Armor: Scale mail        |    32 |   118 |   113 ||   263
       Skin              |       |       |     2 ||     2
Dodge: Dodged            |     8 |    78 |   102 ||   188
Block: Shield            |    30 |   108 |   157 ||   295
